 Dungeon Sprint DCSS version 0.29-a0-870-g2c972031a6 (webtiles) character file.

Game seed: 4068083531706242678

1852 mhtbhm the Basher (level 9, -9/63 HPs)
             Began as a Gargoyle Fighter on July 17, 2022.
             Was a Priest of Okawaru.
             Mangled by a boulder beetle (22 damage)
             ... in the Dungeon (Sprint IX: "|||||||||||||||||||||||||||||").
             The game lasted 00:02:38 (1549 turns).

mhtbhm the Basher (Gargoyle Fighter)                Turns: 1549, Time: 00:02:39

Health: -9/63      AC: 19    Str: 24    XL:     9   Next: 12%
Magic:  8/9        EV: 12    Int: 12    God:    Okawaru [***...]
Gold:   0          SH:  6    Dex:  9    Spells: 8/8 levels left

rFire   . . .      SeeInvis .   a - +0 flail
rCold   . . .      Faith    .   c - +0 buckler
rNeg    + . .      Spirit   .   b - +1 scale mail
rPois   ∞          Reflect  .   (no helmet)
rElec   +          Harm     .   m - +0 cloak
rCorr   .          Rampage  .   (no gloves)
Will    .....      NoTele   +   n - +0 pair of boots
Stlth   +.........              (no amulet)
HPRegen 0.20/turn               p - +2 ring of evasion
MPRegen 0.11/turn               o - +3 ring of intelligence

@: no status effects
A: sickness immunity, AC +6, negative energy resistance 1, electricity
resistance, torment resistance 1, petrification resistance
a: Renounce Religion, Heroism


You were in the Dungeon.
You worshipped Okawaru.
Okawaru was most pleased with you.
You visited 1 branch

Inventory:

Hand Weapons
 a - a +0 flail (weapon)
Armour
 b - a +1 scale mail (worn)
 c - a +0 buckler (worn)
 m - a +0 cloak (worn)
 n - a +0 pair of boots (worn)
Jewellery
 o - a +3 ring of intelligence (right hand)
 p - a +2 ring of evasion (left hand)
Wands
 l - a wand of iceblast (8)
Scrolls
 k - 2 scrolls of amnesia
Potions
 e - a potion of curing
 h - 4 potions of magic


   Skills:
 + Level 10.7 Fighting
 + Level 11.7 Maces & Flails
 + Level 10.9 Armour
 + Level 3.1 Dodging
 + Level 4.5 Stealth
 + Level 9.3 Shields
 + Level 0.5 Invocations
 + Level 0.6 Evocations


You had 8 spell levels left.
You didn't know any spells.
Your spell library was empty.

Dungeon Overview and Level Annotations

Branches:
Dungeon (1/1)

Altars:
Cheibriados
Dithmenos
Elyvilon
Fedhas
Gozag
Hepliaklqana
Kikubaaqudgha
Makhleb
Nemelex Xobeh
Okawaru
Qazlal
Ru
Sif Muna
Trog
Uskayaw
Vehumet
Wu Jian
Xom
Yredelemnul
Zin
The Shining One
Jiyva
Lugonu


Innate Abilities, Weirdness & Mutations

You are immune to sickness and miasma.
Your stone body is resilient. (AC +6)
You are immune to poison.
You resist negative energy. (rN+)
You are resistant to electric shocks. (rElec)
You are resistant to unholy torment.
You are immune to petrification.


Message History

The boulder beetle is heavily wounded.
You hit the boulder beetle but do no damage.
The boulder beetle is heavily wounded.
The boulder beetle bites you!!
* * * LOW HITPOINT WARNING * * *
You are too injured to fight recklessly!
You are too injured to fight recklessly!
You are too injured to fight recklessly!
You are too injured to fight recklessly!
You are too injured to fight recklessly!
You are too injured to fight recklessly!
You are too injured to fight recklessly!
You are too injured to fight recklessly!
You are too injured to fight recklessly!
You are too injured to fight recklessly!
You are too injured to fight recklessly!
You are too injured to fight recklessly!
You are too injured to fight recklessly!
You are too injured to fight recklessly!
You are too injured to fight recklessly!
You are too injured to fight recklessly!
You are too injured to fight recklessly!
You hit the boulder beetle but do no damage.
The boulder beetle is heavily wounded.
You block the boulder beetle's attack.
You hit the boulder beetle but do no damage.
The boulder beetle is heavily wounded.
You hit the boulder beetle but do no damage.
The boulder beetle is heavily wounded.
The boulder beetle leaps!
You feel like a meek peon again.
There is an open door, spattered with blood here.
You see here 6 large rocks.
You hit the boulder beetle but do no damage.
The boulder beetle is heavily wounded.
The boulder beetle bites you but does no damage.
You bludgeon the boulder beetle!!
The boulder beetle is severely wounded.
The boulder beetle bites you!!
You die... ▓▓▓▓▓▓▓▓▓▓▓▓▓▓▓▓▓▓▓▓▓▓▓▓ +......@B.....'.[)...).. ▓▓▓▓▓▓▓▓▓▓▓▓▓▓▓▓▓▓▓▓▓▓▓▓

You could see a boulder beetle.

Vanquished Creatures
  A cyclops (D)
  A manticore (D)
  A hornet (D)
  2 wraiths (D)
  A yak (D)
  A vampire mosquito (D)
  An ogre (D)
  A scorpion (D)
  A killer bee (D)
  2 orc wizards (D)
  2 adders (D)
  A white imp (D)
  2 goblins (D)
  A hobgoblin (D)
  A quokka (D)
  A bat (D)
20 creatures vanquished.

Vanquished Creatures (others)
  A yak (D)
1 creature vanquished.

Grand Total: 21 creatures vanquished

Notes
Turn   | Place    | Note
-------+----------+-------------------------------------------
     0 | D        | mhtbhm the Gargoyle Fighter began the quest for the Orb.
     0 | D        | Reached XP level 1. HP: 14/14 MP: 1/1
   132 | D        | Noticed a scorpion
   132 | D        | Noticed an ogre
   138 | D        | Killed an ogre
   139 | D        | Reached skill level 5 in Fighting
   139 | D        | Reached skill level 4 in Maces & Flails
   139 | D        | Reached skill level 5 in Shields
   139 | D        | Reached XP level 2. HP: 22/22 MP: 2/2
   139 | D        | Reached XP level 3. HP: 27/27 MP: 3/3
   139 | D        | Reached XP level 4. HP: 32/32 MP: 4/4
   161 | D        | Killed a scorpion
   162 | D        | Reached skill level 5 in Maces & Flails
   162 | D        | Reached skill level 1 in Stealth
   162 | D        | Reached XP level 5. HP: 21/37 MP: 5/5
   285 | D        | Found a snail-covered altar of Cheibriados.
   285 | D        | Found a shadowy altar of Dithmenos.
   285 | D        | Found a white marble altar of Elyvilon.
   285 | D        | Found a blossoming altar of Fedhas.
   285 | D        | Found an opulent altar of Gozag.
   286 | D        | Found a hazy altar of Hepliaklqana.
   287 | D        | Found a viscous altar of Jiyva.
   288 | D        | Found an ancient bone altar of Kikubaaqudgha.
   289 | D        | Found a corrupted altar of Lugonu.
   290 | D        | Found a burning altar of Makhleb.
   291 | D        | Found a sparkling altar of Nemelex Xobeh.
   292 | D        | Found an iron altar of Okawaru.
   293 | D        | Found a stormy altar of Qazlal.
   294 | D        | Found a sacrificial altar of Ru.
   295 | D        | Found a shimmering blue altar of Sif Muna.
   302 | D        | Found a bloodstained altar of Trog.
   303 | D        | Found a hide-covered altar of Uskayaw.
   304 | D        | Found a radiant altar of Vehumet.
   305 | D        | Found an ornate altar of the Wu Jian Council.
   306 | D        | Became a worshipper of Warmaster Okawaru
   307 | D        | Found a shimmering altar of Xom.
   308 | D        | Found a basalt altar of Yredelemnul.
   309 | D        | Found a glowing silver altar of Zin.
   310 | D        | Found a glowing golden altar of the Shining One.
   369 | D        | Noticed a yak
   369 | D        | Noticed a hornet
   369 | D        | Noticed a yak
   380 | D        | Killed a yak
   381 | D        | Reached skill level 6 in Maces & Flails
   381 | D        | Reached XP level 6. HP: 17/44 MP: 6/6
   403 | D        | Killed a hornet
   403 | D        | Reached * piety under Okawaru
   404 | D        | Reached skill level 7 in Maces & Flails
   404 | D        | Reached skill level 1 in Dodging
   404 | D        | Reached XP level 7. HP: 30/50 MP: 7/7
   417 | D        | Reached skill level 8 in Maces & Flails
   422 | D        | Killed a yak
   537 | D        | Noticed a vampire mosquito
   537 | D        | Noticed a boulder beetle
   537 | D        | Noticed a manticore
   537 | D        | Noticed a wraith
   537 | D        | Noticed a cyclops
   537 | D        | Noticed a wraith
   544 | D        | Killed a wraith
   544 | D        | Reached ** piety under Okawaru
   545 | D        | Reached skill level 9 in Maces & Flails
   545 | D        | Reached skill level 10 in Armour
   545 | D        | Reached XP level 8. HP: 15/56 MP: 8/8
   551 | D        | Killed a cyclops
   552 | D        | Reached skill level 10 in Fighting
   552 | D        | Reached skill level 10 in Maces & Flails
   911 | D        | Killed a wraith
   919 | D        | Killed a manticore
   919 | D        | Reached *** piety under Okawaru
   920 | D        | Reached skill level 11 in Maces & Flails
   920 | D        | Reached XP level 9. HP: 41/63 MP: 9/9
  1171 | D        | HP: 3/63 [boulder beetle (44)]
  1549 | D        | Mangled by a boulder beetle

Illustrated notes

Levels and vault maps discovered:
D:        linesprint [early_d, line_temple, items_1, d_10, items_2, lair_1,
          lair_end, items_3, orc_1, orc_end, items_4, d_15, swamp_1, shoals_1,
          snake_1, spider_1, d_20, vaults_1, items_5, swamp_end, shoals_end,
          snake_end, spider_end, vaults_end, d_27, items_6, zot_1, zot_end,
          crypt_end, forest_end, elf_end, slime_end, tomb_end, abyss_end,
          pan_hell_end]

Skill      XL: |  1  2  3  4  5  6  7  8  9 |
---------------+----------------------------+-----
Armour         | 6 7 8 9 10 | 10.9
Fighting       | 5 6 7 8 9 10 | 10.7
Maces & Flails | 4 5 6 7 9 11 | 11.7
Shields        | 5 6 7 8 9 |  9.3
Stealth        | 1 2 3 4 |  4.5
Dodging        | 1 2 3 |  3.1
Invocations    | |  0.5
Evocations     | |  0.6

Action                   |  1- 3 |  4- 6 |  7- 9 || total
-------------------------+-------+-------+-------++-------
Melee: Flail             |    15 |    49 |   113 ||   177
Invok: Heroism           |       |       |     3 ||     3
Evoke: Wand              |       |       |     2 ||     2
  Use: Potion            |     1 |     5 |     5 ||    11
       Scroll            |       |       |     2 ||     2
 Stab: Invisible         |       |     1 |     1 ||     2
Armor: Scale mail        |     5 |    19 |    48 ||    72
Dodge: Dodged            |     6 |    20 |    39 ||    65
Block: Buckler           |     2 |    13 |    16 ||    31

Table legend: (Time is in decaauts)
 A = Elapsed time spent in this place.
 B = Non-inter-level travel time spent in this place.
 C = Inter-level travel time spent in this place.
 D = Time resting spent in this place.
 E = Time spent auto-exploring this place.
 F = Levels seen in this place.
 G = Mean time per level.
                   A        B        C        D        E       F      G
               +--------+--------+--------+--------+--------+-----+--------+
         Total |   1549 |   1549 |      0 |   1018 |    140 |   1 | 1549.0 |
       Dungeon |   1549 |   1549 |      0 |   1018 |    140 |   1 | 1549.0 |
               +--------+--------+--------+--------+--------+-----+--------+

Top non-repeatable levels by time:
       D: 1549 daAuts
